[Event "Titled Tuesday Blitz May 9 Early 2023"]
[White "Lenderman, Aleksandr"]
[Black "Ingebretsen, Jens E"]
[WhiteFideId "2021285"]
[BlackFideId "1522965"]
[WhiteElo "2607"]
[BlackElo "2213"]
[Result "1-0"]
[Round "02"]
[TimeControl "180+2"]
[Date "2023.05.09"]
[WhiteClock "0:01:04"]
[BlackClock "0:00:31"]

1. Nf3 d5 2. b3 c5 3. e3 Nc6 4. Bb2 Nf6 5. Bb5 g6 6. c4 dxc4 7. Ne5 Bd7 8. Bxc6 Bxc6 9. Nxc6 bxc6 10. Bxf6 exf6 11. bxc4 Bg7 12. Nc3 f5 13. Rc1 Qd3 14. Qe2 O-O-O 15. Qxd3 Rxd3 16. Ne2 Rhd8 17. Rc2 Kc7 18. Nc1 R3d6 19. Nb3 Kb6 20. d4 Re6 21. Nxc5 Re7 22. Rb2+ Kc7 23. Rb7+ Kd6 24. O-O f4 25. Re1 Rde8 26. Kf1 fxe3 27. fxe3 Rxe3 28. Rd7# 1-0


[Site "https://www.chess.com"]

[Event "Titled Tuesday Blitz May 9 Early 2023"]
[White "Nikologorskiy, Konstantin"]
[Black "Kramnik, Vladimir"]
[WhiteFideId "24111708"]
[BlackFideId "4101588"]
[WhiteElo "2273"]
[BlackElo "2703"]
[Result "0-1"]
[Round "02"]
[TimeControl "180+2"]
[Date "2023.05.09"]
[WhiteClock "0:00:02"]
[BlackClock "0:00:11"]

1. d4 Nf6 2. c4 e6 3. Nf3 Bb4+ 4. Bd2 a5 5. g3 b6 6. Bg2 Bb7 7. O-O Bxd2 8. Qxd2 Qe7 9. Nc3 Ne4 10. Nxe4 Bxe4 11. Nh4 Bxg2 12. Nxg2 d6 13. e4 Nd7 14. f4 O-O 15. Ne3 Rfe8 16. Rae1 a4 17. e5 Rad8 18. Qc2 dxe5 19. fxe5 c5 20. Rf4 cxd4 21. Rh4 Nf8 22. Ng4 Ng6 23. Rh5 d3 24. Qd2 Qc5+ 25. Kg2 Qxc4 26. Nf6+ gxf6 27. Qh6 fxe5 28. Rf1 Qe4+ 29. Kh3 Rd7 30. Qxh7+ Kf8 31. Qh6+ Ke7 32. Rxf7+ Kd6 33. Rxd7+ Kxd7 34. Qg7+ Re7 35. Qf6 d2 36. Qf1 Qd5 37. Qd1 b5 38. b3 Rg7 39. Rh6 Nf4+ 40. gxf4 Qg2+ 41. Kh4 Qxh2# 0-1


[Site "https://www.chess.com"]

[Event "Titled Tuesday Blitz May 9 Early 2023"]
[White "Ibarra Jerez, Jose Carlos"]
[Black "Kleiman, Jake"]
[WhiteFideId "2226332"]
[BlackFideId "2020041"]
[WhiteElo "2638"]
[BlackElo "2579"]
[Result "1-0"]
[Round "02"]
[TimeControl "180+2"]
[Date "2023.05.09"]
[WhiteClock "0:00:53"]
[BlackClock "0:00:10"]

1. e4 e5 2. Nf3 Nc6 3. Bb5 a6 4. Bxc6 dxc6 5. O-O f6 6. d4 Bg4 7. c3 Qe7 8. h3 Bh5 9. dxe5 fxe5 10. Re1 Nf6 11. b3 h6 12. Qd3 Rd8 13. Qe3 Qe6 14. Nbd2 Bd6 15. Qa7 Qc8 16. Qe3 O-O 17. Nh4 Qe6 18. Nf5 Bg6 19. g4 Rf7 20. Nc4 Bf8 21. Qg3 Re8 22. Kh2 b5 23. Nd2 Bc5 24. Nf3 Rd7 25. N3h4 Bf7 26. g5 Nh5 27. Qg4 hxg5 28. Bxg5 Bxf2 29. Re2 Bb6 30. Rf1 Kh7 31. Rg2 Rd3 32. Bd2 Rd7 33. Nf3 g6 34. Ng5+ 1-0


[Site "https://www.chess.com"]

[Event "Titled Tuesday Blitz May 9 Early 2023"]
[White "Gurel, Ediz"]
[Black "Hnydiuk, Aleksander"]
[WhiteFideId "44507356"]
[BlackFideId "1109057"]
[WhiteElo "2352"]
[BlackElo "2374"]
[Result "1-0"]
[Round "02"]
[TimeControl "180+2"]
[Date "2023.05.09"]
[WhiteClock "0:00:35"]
[BlackClock "0:00:00"]

1. d4 Nf6 2. Nf3 d5 3. c4 c6 4. Nc3 dxc4 5. a4 Bf5 6. Ne5 e6 7. Nxc4 Bb4 8. f3 O-O 9. e4 Nxe4 10. fxe4 Qh4+ 11. Kd2 Qxe4 12. Qf3 Qxd4+ 13. Ke1 Na6 14. Be3 Bxc3+ 15. Kf2 Qf6 16. bxc3 Qxc3 17. Rc1 Qb3 18. Be2 Nb4 19. Bc5 Nd3+ 20. Bxd3 Bxd3 21. Bxf8 Rxf8 22. Nd2 Qa3 23. Qe3 Rd8 24. Rhd1 Qxa4 25. Nf3 Qa6 26. Ne5 Qa2+ 27. Rd2 Qa3 28. Rxd3 1-0


[Site "https://www.chess.com"]

[Event "Titled Tuesday Blitz May 9 Early 2023"]
[White "Brunner, Nicolas"]
[Black "Sjugirov, Sanan"]
[WhiteFideId "620246"]
[BlackFideId "4189302"]
[WhiteElo "2327"]
[BlackElo "2569"]
[Result "0-1"]
[Round "02"]
[TimeControl "180+2"]
[Date "2023.05.09"]
[WhiteClock "0:00:02"]
[BlackClock "0:01:23"]

1. Nf3 d5 2. g3 Nd7 3. d4 Nb6 4. Bg2 Bf5 5. O-O e6 6. Nh4 Bg4 7. h3 Bh5 8. Nd2 Be7 9. Nhf3 Nf6 10. b3 O-O 11. Bb2 a5 12. a3 c6 13. c4 a4 14. c5 Nbd7 15. b4 Ne4 16. Nxe4 dxe4 17. Ne5 f5 18. f3 exf3 19. exf3 Nxe5 20. dxe5 Qc7 21. Qc2 Rfd8 22. Rad1 Rd5 23. g4 Bg6 24. Rxd5 cxd5 25. Qd2 b6 26. cxb6 Qxb6+ 27. Bd4 Qd8 28. Rc1 fxg4 29. hxg4 h5 30. gxh5 Bxh5 31. f4 Bg4 32. Bc5 Bh4 33. Bf2 Rb8 34. Rc5 Be7 35. Ra5 Rc8 36. Rxa4 Bf5 37. Ra7 Rc2 38. Qe3 Bh4 39. Bxh4 Qxh4 40. b5 Rb2 41. Bf1 Qh2# 0-1


[Site "https://www.chess.com"]

[Event "Titled Tuesday Blitz May 9 Early 2023"]
[White "Aravindh, Chithambaram VR."]
[Black "Munkhgal, Gombosuren"]
[WhiteFideId "5072786"]
[BlackFideId "4901266"]
[WhiteElo "2596"]
[BlackElo "2528"]
[Result "1-0"]
[Round "02"]
[TimeControl "180+2"]
[Date "2023.05.09"]
[WhiteClock "0:01:00"]
[BlackClock "0:00:29"]

1. e4 e6 2. d4 d5 3. exd5 exd5 4. Nf3 Nf6 5. Bd3 c5 6. O-O c4 7. Re1+ Be7 8. Bf1 Bg4 9. b3 cxb3 10. axb3 O-O 11. Rxe7 Qxe7 12. Ba3 Qd8 13. Bxf8 Qxf8 14. Nbd2 Nc6 15. h3 Bh5 16. c3 a6 17. b4 Ne4 18. Qc2 Bg6 19. Qb2 Rc8 20. Nb3 Bh5 21. Ne1 Qd6 22. Nd3 Bg6 23. Nbc5 Rc7 24. b5 Nd8 25. bxa6 bxa6 26. Rxa6 Qe7 27. Ra8 Bf5 28. Qb6 h5 29. Nb4 Qh4 30. Nxe4 Rd7 31. Nc5 1-0


[Site "https://www.chess.com"]

[Event "Titled Tuesday Blitz May 9 Early 2023"]
[White "Reprintsev, Alexander"]
[Black "Mitrabha, Guha"]
[WhiteFideId "14100541"]
[BlackFideId "5057000"]
[WhiteElo "2218"]
[BlackElo "2507"]
[Result "0-1"]
[Round "02"]
[TimeControl "180+2"]
[Date "2023.05.09"]
[WhiteClock "0:00:00"]
[BlackClock "0:00:17"]

1. e4 c6 2. Nc3 d5 3. Nf3 dxe4 4. Nxe4 Nf6 5. Qe2 Nxe4 6. Qxe4 Be6 7. b3 Nd7 8. Bb2 Nf6 9. Qh4 Bf5 10. O-O-O e6 11. Ne5 Be7 12. f4 a5 13. a4 Nd5 14. Qf2 Nb4 15. d3 b5 16. g4 Bg6 17. f5 exf5 18. gxf5 Bh5 19. Re1 O-O 20. Rg1 Bf6 21. Qc5 bxa4 22. bxa4 Rb8 23. Bc3 Na2+ 24. Kd2 Nxc3 25. Kxc3 Re8 26. d4 Qc8 27. Bd3 Rb4 28. Rb1 Rxd4 29. Kxd4 Rxe5 30. Qxe5 Qd8+ 31. Ke4 Bxe5 32. Kxe5 f6+ 33. Ke4 Qe7+ 34. Kd4 Qe5+ 35. Kc4 Bf3 36. Kb3 Bd5+ 37. c4 Bf7 38. Rbd1 Qc5 39. Kc2 Qb4 40. Ra1 Bxc4 41. Bxc4+ Qxc4+ 42. Kd2 Qd5+ 43. Kc3 Qe5+ 44. Kc4 Qd5+ 45. Kc3 Qxf5 46. Rgd1 Qe5+ 47. Kc4 h5 48. Rab1 Qxh2 49. Kc5 Qc2+ 50. Kb6 Qxa4 51. Rd8+ Kh7 52. Rbd1 Qb4+ 53. Kxc6 a4 54. R8d4 Qc3+ 55. Kb5 a3 56. R4d3 Qb2+ 57. Kc4 a2 0-1


[Site "https://www.chess.com"]

[Event "Titled Tuesday Blitz May 9 Early 2023"]
[White "Janaszak, Dawid"]
[Black "Quesada Perez, Yuniesky"]
[WhiteFideId "1119206"]
[BlackFideId "3504409"]
[WhiteElo "2220"]
[BlackElo "2585"]
[Result "0-1"]
[Round "02"]
[TimeControl "180+2"]
[Date "2023.05.09"]
[WhiteClock "0:00:00"]
[BlackClock "0:00:15"]

1. e4 d5 2. exd5 Qxd5 3. Nf3 Bg4 4. Be2 Nc6 5. O-O e6 6. h3 Bh5 7. Nc3 Qd7 8. d3 Nf6 9. Bg5 Be7 10. Re1 O-O 11. Ne5 Bxe2 12. Qxe2 Nxe5 13. Qxe5 Rfd8 14. Qg3 Nh5 15. Qh4 Bxg5 16. Qxg5 Nf6 17. Ne4 Nxe4 18. Rxe4 Qd5 19. Qg3 Qd6 20. Qe3 Qb6 21. b3 Rd7 22. Qg3 Rad8 23. Rae1 Rd5 24. Rg4 g6 25. a4 a5 26. Re3 Rc5 27. Qh4 Qd6 28. c4 Kg7 29. Rf3 Rf5 30. Rgg3 Rd7 31. Rxf5 exf5 32. Re3 f4 33. Rf3 Qe5 34. Kh2 h5 35. g3 fxg3+ 36. Qxg3 Qe6 37. Qf4 c5 38. Kg2 Rd4 39. Qc7 b6 40. Rf4 Rxd3 41. h4 Qh3+ 0-1


[Site "https://www.chess.com"]

[Event "Titled Tuesday Blitz May 9 Early 2023"]
[White "Zhigalko, Sergei"]
[Black "SashaKuzhilniy"]
[WhiteFideId "13502956"]
[WhiteElo "2626"]
[BlackElo "2575"]
[Result "1-0"]
[Round "02"]
[TimeControl "180+2"]
[Date "2023.05.09"]
[WhiteClock "0:01:03"]
[BlackClock "0:00:20"]

1. e4 d5 2. exd5 Qxd5 3. Nc3 Qe5+ 4. Be2 Bg4 5. d4 Bxe2 6. Ngxe2 Qa5 7. O-O Nf6 8. b4 Qh5 9. Qd3 e6 10. Nf4 Qf5 11. Qxf5 exf5 12. Re1+ Kd7 13. Nd3 Nc6 14. Ne5+ Nxe5 15. dxe5 Bxb4 16. Rd1+ Kc6 17. Ne2 Nd5 18. Nd4+ Kc5 19. Nb3+ Kc6 20. Nd4+ Kc5 21. Nxf5 Bc3 22. Rb1 Bxe5 23. Ba3+ Kc6 24. c4 g6 25. Rxd5 Rhe8 26. Ne7+ Rxe7 27. Bxe7 f6 28. Bc5 b6 29. Be3 Re8 30. h3 Bd6 31. Kf1 Re4 32. Rd4 Re5 33. Bf4 Ra5 34. Bxd6 cxd6 35. Rb2 Re5 36. Rbd2 Re6 37. f3 Kc5 38. Re4 Re5 39. Rxe5+ fxe5 40. Rd5+ Kc6 41. Ke2 a6 42. Rd1 Kc5 43. Ke3 g5 44. g4 a5 45. a4 Kxc4 46. Rxd6 Kb4 47. Rxb6+ Kxa4 48. Ke4 Ka3 49. Kxe5 a4 50. Kf5 Ka2 51. Kxg5 a3 52. f4 h6+ 53. Kxh6 Ka1 54. Ra6 a2 55. f5 Kb2 56. Rxa2+ Kxa2 57. g5 1-0


[Site "https://www.chess.com"]

[Event "Titled Tuesday Blitz May 9 Early 2023"]
[White "Shevtchenko, Olesya"]
[Black "Livaic, Leon"]
[WhiteFideId "24131890"]
[BlackFideId "14531534"]
[WhiteElo "2003"]
[BlackElo "2522"]
[Result "0-1"]
[Round "02"]
[TimeControl "180+2"]
[Date "2023.05.09"]
[WhiteClock "0:02:04"]
[BlackClock "0:01:55"]

1. e4 e6 2. d4 d5 3. Nc3 Bb4 4. Ne2 dxe4 5. a3 Bxc3+ 6. Nxc3 Nc6 7. d5 exd5 8. Qxd5 Nge7 9. Qxe4 Bf5 10. Qh4 Nd4 11. Bb5+ c6 12. Ba4 Bxc2 13. O-O Bxa4 14. Nxa4 Ndf5 15. Qg4 Qd4 16. Bf4 Qxa4 17. Rfe1 O-O 18. h4 Ng6 19. Qxf5 Qxf4 0-1


[Site "https://www.chess.com"]

[Event "Titled Tuesday Blitz May 9 Early 2023"]
[White "Han, Yichen"]
[Black "Bacrot, Etienne"]
[WhiteFideId "1054430"]
[BlackFideId "605506"]
[WhiteElo "2342"]
[BlackElo "2672"]
[Result "0-1"]
[Round "02"]
[TimeControl "180+2"]
[Date "2023.05.09"]
[WhiteClock "0:00:03"]
[BlackClock "0:00:18"]

1. d4 Nf6 2. c4 e6 3. Nc3 d5 4. Nf3 Be7 5. Bf4 O-O 6. e3 b6 7. Be2 Bb7 8. cxd5 exd5 9. O-O a6 10. h3 Nbd7 11. Rc1 Rc8 12. Ne5 c5 13. Bf3 c4 14. Qe2 b5 15. a3 Re8 16. e4 dxe4 17. Nxe4 Bxe4 18. Bxe4 Nxe4 19. Qxe4 Bf6 20. Rfe1 Bxe5 21. dxe5 Nc5 22. Qe3 Nd3 23. Rcd1 Qh4 24. Bg3 Qh5 25. Qe2 Qf5 26. Rf1 f6 27. f4 Qg6 28. Kh2 Qf5 29. Rd2 Qe6 30. f5 Qd5 31. e6 Rcd8 32. Qf3 Qxf3 33. Rxf3 g6 34. fxg6 Rxe6 35. gxh7+ Kxh7 36. Bh4 Kg6 37. Rg3+ Kf7 38. Rf3 Rdd6 39. b3 Ne5 40. Rff2 Rxd2 41. Rxd2 cxb3 42. Rb2 Rc6 43. Rxb3 Rc2 44. Bg3 Nc4 45. Rf3 Kg6 46. Bh4 f5 47. Rg3+ Kf7 48. Rf3 Ke6 49. Bg3 Ra2 50. h4 Rxa3 51. Rf2 Ne3 52. Re2 Kf7 53. Bd6 Ng4+ 54. Kh1 Ra1+ 55. Re1 Rxe1# 0-1


[Site "https://www.chess.com"]

[Event "Titled Tuesday Blitz May 9 Early 2023"]
[White "Grigoriants, Sergey"]
[Black "MKlose11"]
[WhiteFideId "4130804"]
[WhiteElo "2502"]
[BlackElo "2566"]
[Result "1-0"]
[Round "02"]
[TimeControl "180+2"]
[Date "2023.05.09"]
[WhiteClock "0:00:46"]
[BlackClock "0:00:12"]

1. d4 Nf6 2. c4 c5 3. d5 b5 4. Qc2 bxc4 5. e4 d6 6. Nf3 g6 7. Nbd2 Bg7 8. Nxc4 O-O 9. Be2 Nbd7 10. O-O Nb6 11. Re1 Bg4 12. Nfd2 Bxe2 13. Rxe2 Rb8 14. Rb1 Nfd7 15. a3 Nxc4 16. Nxc4 Ne5 17. Ne3 Qb6 18. f4 Nd7 19. Nc4 Qb3 20. Qxb3 Rxb3 21. Na5 Rd3 22. Bd2 Rb8 23. b4 Rxa3 24. Nc6 Re8 25. e5 dxe5 26. fxe5 Rd3 27. e6 Nf6 28. exf7+ Kxf7 29. Ne5+ Kg8 30. Nxd3 cxb4 31. Nxb4 Kf7 32. Rbe1 a5 33. Nc6 Nxd5 34. Bxa5 e6 35. Nd8+ Kg8 36. Rxe6 Bd4+ 37. Kh1 Rf8 38. Re8 Nf4 39. Rxf8+ Kxf8 40. Ne6+ Nxe6 41. Rxe6 Kf7 42. Re4 Bf6 43. g3 Bd8 44. Bxd8 1-0


[Site "https://www.chess.com"]

[Event "Titled Tuesday Blitz May 9 Early 2023"]
[White "Al-Tarboush, Ward"]
[Black "Ivic, Velimir"]
[WhiteFideId "7601450"]
[BlackFideId "950122"]
[WhiteElo "2265"]
[BlackElo "2563"]
[Result "0-1"]
[Round "02"]
[TimeControl "180+2"]
[Date "2023.05.09"]
[WhiteClock "0:00:00"]
[BlackClock "0:00:07"]

1. d4 Nf6 2. Nc3 g6 3. e4 d5 4. e5 Ne4 5. Nxe4 dxe4 6. Bc4 Bg7 7. Ne2 c5 8. c3 O-O 9. O-O Nc6 10. Be3 Na5 11. Bb5 a6 12. Ba4 b5 13. Bc2 Bb7 14. Ng3 Nc4 15. b3 cxd4 16. cxd4 Nb2 17. Qd2 Nd3 18. Bxd3 exd3 19. Rfd1 Qd5 20. f3 Rfd8 21. Rac1 Rd7 22. Rc5 Qe6 23. Qxd3 Rad8 24. f4 Qg4 25. Qe2 Qh4 26. f5 e6 27. f6 Bf8 28. Rc2 h5 29. Rf1 Rxd4 30. Bxd4 Qxd4+ 31. Kh1 h4 32. Rc7 Qb6 33. Rxb7 Qxb7 34. Ne4 h3 35. Ng5 Bh6 36. Qf3 Qd5 37. Nxh3 Qxe5 38. Nf2 Qf5 39. Ng4 Qxf3 40. gxf3 Bf4 41. Kg2 g5 42. Rf2 Kh7 43. Rc2 Kg6 44. Rc6 Rd2+ 45. Kg1 Rxa2 46. Rc8 a5 47. Rg8+ Kf5 48. Rg7 a4 49. bxa4 bxa4 50. Rxf7 a3 51. Ra7 Bd6 52. Ra5+ Kg6 53. Ra6 Rd2 0-1


[Site "https://www.chess.com"]

[Event "Titled Tuesday Blitz May 9 Early 2023"]
[White "Sethuraman, S.P."]
[Black "Sharapov, Evgeny"]
[WhiteFideId "5021596"]
[BlackFideId "14103133"]
[WhiteElo "2543"]
[BlackElo "2367"]
[Result "0-1"]
[Round "02"]
[TimeControl "180+2"]
[Date "2023.05.09"]
[WhiteClock "0:00:08"]
[BlackClock "0:00:41"]

1. d4 d5 2. Nc3 Nf6 3. Bf4 c6 4. e3 Qb6 5. Rb1 g6 6. Nf3 Bg4 7. Be2 Bg7 8. Ne5 Bxe2 9. Qxe2 Nbd7 10. h4 h5 11. O-O O-O 12. b4 Nxe5 13. Bxe5 Ne4 14. Nxe4 dxe4 15. Bg3 Rad8 16. Rfd1 Rfe8 17. c4 Rd7 18. c5 Qd8 19. b5 e5 20. bxc6 bxc6 21. dxe5 Bxe5 22. Rxd7 Qxd7 23. Bxe5 Rxe5 24. Rb8+ Re8 25. Rxe8+ Qxe8 26. Qc4 Qe5 27. a4 a5 28. g3 Qa1+ 29. Kg2 Qe5 30. Kf1 Qa1+ 31. Kg2 Qe5 32. Qd4 Qxd4 33. exd4 Kf8 34. f3 exf3+ 35. Kxf3 Ke7 36. Ke4 Ke6 37. d5+ cxd5+ 38. Kd4 f6 39. c6 Kd6 40. c7 Kxc7 41. Kxd5 Kd7 42. Kd4 Kd6 43. Kc4 g5 44. Kd4 gxh4 45. gxh4 f5 46. Ke3 Ke5 47. Kf3 f4 48. Kf2 Ke4 49. Ke2 f3+ 50. Kf2 Kf4 0-1


[Site "https://www.chess.com"]

[Event "Titled Tuesday Blitz May 9 Early 2023"]
[White "Saya, Ethan"]
[Black "Salinas Herrera, Pablo"]
[WhiteFideId "26095181"]
[BlackFideId "3407128"]
[WhiteElo "2164"]
[BlackElo "2546"]
[Result "0-1"]
[Round "02"]
[TimeControl "180+2"]
[Date "2023.05.09"]
[WhiteClock "0:00:00"]
[BlackClock "0:00:06"]

1. e4 c5 2. Nf3 e6 3. c3 d5 4. exd5 Qxd5 5. d4 Nf6 6. Be2 Be7 7. O-O O-O 8. dxc5 Qxc5 9. Be3 Qc7 10. Nbd2 Nc6 11. h3 Rd8 12. Qa4 Bd7 13. Qf4 Qxf4 14. Bxf4 Be8 15. Rad1 Rac8 16. Ne5 Nd5 17. Nxc6 Bxc6 18. Bg3 b5 19. Bf3 Be8 20. Nb3 b4 21. Bxd5 exd5 22. cxb4 Bxb4 23. Nd4 f6 24. a3 Ba5 25. b4 Bb6 26. Rfe1 Ba4 27. Rd2 Re8 28. Rxe8+ Rxe8 29. Nf5 Bb3 30. Bd6 Re1+ 31. Kh2 Kf7 32. Bc5 Bc7+ 33. g3 a6 34. Ne3 Ke6 35. Nc2 Bxc2 36. Rxc2 Kd7 37. Kg2 Re4 38. Kf3 g6 39. Be3 Rc4 40. Rxc4 dxc4 41. Ke4 Kc6 42. Kd4 Kb5 43. Kc3 Be5+ 44. Bd4 Bd6 45. Bxf6 a5 46. a4+ Kxa4 47. bxa5 Kb5 48. Bd8 Bb4+ 49. Kd4 Bc5+ 50. Kc3 Bxf2 51. a6 Be1+ 52. Kd4 Bxg3 53. a7 Bf2+ 54. Kd5 Bxa7 55. Bf6 Be3 56. Ke6 Ka4 57. Kf7 g5 58. Kg7 h5 59. Kh6 g4+ 60. Kxh5 gxh3 61. Kg4 h2 0-1


[Site "https://www.chess.com"]

[Event "Titled Tuesday Blitz May 9 Early 2023"]
[White "Donchenko, Alexander"]
[Black "Skliarov, Viktor"]
[WhiteFideId "24603295"]
[BlackFideId "14106736"]
[WhiteElo "2554"]
[BlackElo "2317"]
[Result "1/2-1/2"]
[Round "02"]
[TimeControl "180+2"]
[Date "2023.05.09"]
[WhiteClock "0:00:06"]
[BlackClock "0:00:05"]

1. d4 Nf6 2. c4 e6 3. Nc3 Bb4 4. e3 b6 5. Ne2 Ne4 6. Qc2 Bb7 7. a3 Bxc3+ 8. Nxc3 Nxc3 9. Qxc3 O-O 10. Bd2 d6 11. Qc2 Nd7 12. Bd3 f5 13. f3 Qh4+ 14. Ke2 Rae8 15. Raf1 Qh5 16. Ke1 e5 17. d5 e4 18. fxe4 fxe4 19. Rxf8+ Nxf8 20. Be2 Qh4+ 21. Kd1 Qf2 22. Rf1 Qxg2 23. Bc3 Bc8 24. Qa4 Bd7 25. Rxf8+ Rxf8 26. Qxd7 h6 27. Qg4 Rf1+ 28. Be1 Qxg4 29. Bxg4 Rh1 30. h3 h5 31. Bf5 g6 32. Bxe4 Rxh3 33. Bxg6 Rh2 34. Bc3 h4 35. Ke1 h3 36. Kf1 Rg2 37. Be4 Rg3 38. Kf2 Rg4 39. Bf3 h2 40. b3 Rg1 41. Bf6 h1=Q 42. Bxh1 Rxh1 43. Bd8 Rb1 44. b4 Rc1 45. Bxc7 Rxc4 46. Bxd6 Rc3 47. b5 Rb3 48. Bb4 Kf7 49. Kf3 Kf6 50. Ke4 Rb1 51. Kd4 Rd1+ 52. Ke4 Rb1 53. Kf4 Rf1+ 54. Ke4 Rb1 1/2-1/2


[Site "https://www.chess.com"]

[Event "Titled Tuesday Blitz May 9 Early 2023"]
[White "Agibileg, Uurtsaikh"]
[Black "Hayrapetyan, Hovik"]
[WhiteFideId "4901606"]
[BlackFideId "13302639"]
[WhiteElo "2353"]
[BlackElo "2348"]
[Result "1-0"]
[Round "02"]
[TimeControl "180+2"]
[Date "2023.05.09"]
[WhiteClock "0:00:34"]
[BlackClock "0:00:00"]

1. d4 Nf6 2. c4 e6 3. Nc3 Bb4 4. f3 d5 5. a3 Bxc3+ 6. bxc3 c5 7. cxd5 Nxd5 8. dxc5 Qa5 9. e4 Nf6 10. Be3 O-O 11. Kf2 Nfd7 12. a4 Nxc5 13. Qd6 Nxa4 14. Ne2 Bd7 15. h4 Rc8 16. h5 Qc7 17. Qxc7 Rxc7 18. h6 g6 19. e5 Na6 20. Ng3 N6c5 21. Ra3 Bc6 22. Be2 b5 23. Rd1 a5 24. Rd6 Be8 25. Bd4 b4 26. cxb4 axb4 27. Ra1 Nb3 28. Rb1 Nxd4 29. Rxd4 Rc5 30. Rdxb4 Rxe5 31. Rb8 Rea5 32. Ne4 Kf8 33. Nf6 Ke7 34. Nxh7 Bd7 35. Rxa8 Rxa8 36. Rb7 Nc3 37. Bd3 Nd5 38. Bb5 1-0


[Site "https://www.chess.com"]

[Event "Titled Tuesday Blitz May 9 Early 2023"]
[White "Ohanyan, Emin"]
[Black "Sreyas Payyappat"]
[WhiteFideId "13312022"]
[BlackFideId "46674969"]
[WhiteElo "2411"]
[BlackElo "2043"]
[Result "1-0"]
[Round "02"]
[TimeControl "180+2"]
[Date "2023.05.09"]
[WhiteClock "0:00:07"]
[BlackClock "0:00:00"]

1. e4 c6 2. d4 d5 3. Nc3 dxe4 4. Nxe4 Nf6 5. Nxf6+ exf6 6. c3 Bd6 7. Bd3 O-O 8. Qc2 Re8+ 9. Ne2 h5 10. O-O h4 11. h3 Nd7 12. Bf4 Nf8 13. Bxd6 Qxd6 14. Rfe1 Be6 15. Qd2 Rad8 16. Qf4 Qxf4 17. Nxf4 c5 18. d5 Bc8 19. Bb5 Re5 20. c4 Nd7 21. Bxd7 Bxd7 22. Rxe5 fxe5 23. Nd3 b5 24. b3 bxc4 25. bxc4 Bf5 26. Nxe5 f6 27. Nc6 Rd7 28. Na5 Re7 29. Nb3 Rc7 30. d6 Rd7 31. Rd1 1-0


[Site "https://www.chess.com"]

[Event "Titled Tuesday Blitz May 9 Early 2023"]
[White "Vlassov, Nikolai"]
[Black "Sieciechowicz, Marcin"]
[WhiteFideId "4103360"]
[BlackFideId "1130170"]
[WhiteElo "2324"]
[BlackElo "2302"]
[Result "0-1"]
[Round "02"]
[TimeControl "180+2"]
[Date "2023.05.09"]
[WhiteClock "0:00:00"]
[BlackClock "0:00:08"]

1. e4 e6 2. c4 c5 3. Nf3 Nc6 4. Nc3 d6 5. d4 cxd4 6. Nxd4 Nf6 7. Be2 Be7 8. O-O O-O 9. Be3 Bd7 10. f3 a6 11. Qd2 Rc8 12. Rfd1 Re8 13. Bf1 Qa5 14. a3 Ne5 15. b3 b5 16. Nd5 Qxd2 17. Nxe7+ Rxe7 18. Rxd2 bxc4 19. Rc1 d5 20. bxc4 dxe4 21. c5 a5 22. Bf4 Nc6 23. Bd6 e3 24. Rd3 Ree8 25. Nxc6 Bxc6 26. Rxe3 Nd5 27. Rb3 a4 28. Rb2 h5 29. Kf2 g5 30. Ba6 Ra8 31. Bb7 Bxb7 32. Rxb7 Kg7 33. c6 Kf6 34. c7 Rac8 35. Rc4 e5 36. Rb8 Ke6 37. Rxc8 Rxc8 38. Rc6 f6 39. Ra6 Kd7 0-1


[Site "https://www.chess.com"]

[Event "Titled Tuesday Blitz May 9 Early 2023"]
[White "Mekhitarian, Krikor Sevag"]
[Black "wqws"]
[WhiteFideId "2107660"]
[WhiteElo "2604"]
[BlackElo "2559"]
[Result "1-0"]
[Round "02"]
[TimeControl "180+2"]
[Date "2023.05.09"]
[WhiteClock "0:00:05"]
[BlackClock "0:00:02"]

1. Nf3 Nf6 2. c4 e6 3. Nc3 d5 4. cxd5 exd5 5. d4 c6 6. Bf4 Bd6 7. Bxd6 Qxd6 8. e3 O-O 9. Bd3 Bg4 10. h3 Bh5 11. Qc2 Nbd7 12. g4 Bg6 13. O-O-O b5 14. Kb1 b4 15. Ne2 Bxd3 16. Qxd3 Ne4 17. Rhf1 a5 18. Nd2 Ndf6 19. f3 Nxd2+ 20. Qxd2 Rfe8 21. Nf4 a4 22. Rfe1 Nd7 23. Nd3 b3 24. a3 Nb6 25. Qb4 Qc7 26. f4 Nc4 27. Ne5 Nxe5 28. dxe5 f6 29. exf6 gxf6 30. Qc3 Qd6 31. g5 fxg5 32. Rg1 h6 33. h4 Re4 34. hxg5 h5 35. f5 Rae8 36. g6 Rxe3 37. Qd4 c5 38. Qh4 Qe5 39. f6 Re2 40. f7+ Kg7 41. fxe8=N+ Kh6 42. Qg5+ Qxg5 43. Rxg5 Kxg5 44. Rg1+ Kh6 45. g7 Rxe8 46. g8=Q Rxg8 47. Rxg8 h4 48. Kc1 c4 49. Kd2 Kh5 50. Kc3 h3 51. Kd4 Kh4 52. Kxd5 c3 53. bxc3 b2 54. Rb8 h2 55. Kd4 Kg3 56. Rg8+ Kf3 57. Rf8+ Ke2 58. Re8+ Kd2 59. Rh8 b1=Q 60. Rxh2+ Kc1 61. Rh1+ Kb2 62. Rxb1+ Kxb1 63. Kc4 Kc2 64. Kb4 1-0


[Site "https://www.chess.com"]

[Event "Titled Tuesday Blitz May 9 Early 2023"]
[White "Kravtsiv, Martyn"]
[Black "Mortazavi, Ali"]
[WhiteFideId "14113147"]
[BlackFideId "401323"]
[WhiteElo "2695"]
[BlackElo "2339"]
[Result "1-0"]
[Round "02"]
[TimeControl "180+2"]
[Date "2023.05.09"]
[WhiteClock "0:01:07"]
[BlackClock "0:00:08"]

1. e4 c6 2. Nf3 d5 3. d3 Bg4 4. h3 Bh5 5. Qe2 e6 6. Nc3 Nf6 7. Bd2 Be7 8. g4 Bg6 9. Bg2 Qc7 10. O-O-O b5 11. exd5 cxd5 12. Nxb5 Qb6 13. Nbd4 Nbd7 14. Kb1 Rb8 15. Bc1 Bc5 16. Nb3 Bxf2 17. h4 h5 18. gxh5 Bxh5 19. d4 Bg3 20. Qd3 Bg6 21. Qe2 Rc8 22. Rd3 Bxd3 23. Qxd3 Ne4 24. Nfd2 Nxd2+ 25. Bxd2 Qc7 26. h5 Bf4 27. Ba5 Qc4 28. Qd1 Nf6 29. Nc5 Bd6 30. Bf1 Rxc5 31. Bxc4 Rxc4 32. b3 Rc8 33. Qg1 Kf8 34. Qf1 Ne4 35. Qa6 Rh6 36. Qxc8+ 1-0


[Site "https://www.chess.com"]

[Event "Titled Tuesday Blitz May 9 Early 2023"]
[White "Spitzl, Vinzent"]
[Black "Seo, Jung Min"]
[WhiteFideId "12901253"]
[BlackFideId "1734687"]
[WhiteElo "2225"]
[BlackElo "2468"]
[Result "1/2-1/2"]
[Round "02"]
[TimeControl "180+2"]
[Date "2023.05.09"]
[WhiteClock "0:00:05"]
[BlackClock "0:00:10"]

1. e4 e5 2. Nf3 Nc6 3. Bb5 a6 4. Ba4 Nge7 5. c3 Ng6 6. d4 exd4 7. cxd4 Bb4+ 8. Nc3 d5 9. exd5 Qxd5 10. O-O Bxc3 11. bxc3 O-O 12. h3 Bf5 13. Bb3 Qd7 14. Re1 Na5 15. Ba3 Rfe8 16. Qd2 Nxb3 17. axb3 b5 18. Bb4 Rxe1+ 19. Nxe1 Ne7 20. Nd3 Nd5 21. Nc5 Qc6 22. Ba5 Nb6 23. Bb4 Nd7 24. Nxd7 Qxd7 25. Ba5 Be6 26. b4 Bd5 27. f3 h6 28. Re1 c6 29. Bb6 Re8 30. Re3 Rxe3 31. Qxe3 Qf5 32. Kf2 Kh7 33. Bc7 f6 34. h4 h5 35. Kg3 Qg6+ 36. Kf2 Qc2+ 37. Kg3 Qf5 38. Kf2 Kg6 39. Kg3 Kh7 40. Kf2 Qd7 41. Bb8 Bf7 42. Kg3 Bg6 43. Bf4 Qf5 44. Bb8 Qc2 45. Bc7 Bd3 46. d5 cxd5 47. Qd4 Bf1 48. Qf2 Qg6+ 49. Kh2 Bc4 50. Bb6 Qd3 51. Bd4 Qf5 52. Qe3 Qg6 53. Qf2 Bd3 54. Qg3 Qf7 55. Qf2 Bf5 56. Qe3 Bd7 57. Qf4 Qe6 58. Qe3 Qd6+ 59. Kg1 Qg3 60. Qf2 Qg6 61. Qe3 Bh3 62. Qf2 Bc8 63. Kh2 Kg8 64. Qg3 Qe8 65. Qf4 Qc6 66. Qe3 Be6 67. Kg1 Kf7 68. Kh2 a5 69. bxa5 Qc7+ 70. Kg1 Qxa5 71. Kh2 b4 72. cxb4 Qxb4 73. Qf2 Qd6+ 74. Kg1 Qc6 75. Qe3 Qc2 76. Kh2 Bf5 77. Kg3 Bd3 78. Kh2 Bf1 79. Qf2 Qc4 80. Qe3 Bd3 81. Qf2 Bf5 82. Qe3 Qc2 83. Kg3 Bd3 84. Bc5 Bf1 85. Qf2 Qg6+ 86. Kh2 Bc4 87. Bd4 Qf5 88. Qe3 Bb5 89. Kg3 Bc4 90. Kh2 Bf1 91. Qf2 Kg8 92. Qe3 Qg6 93. Qf2 Bb5 94. Qe3 Qf5 95. Qf2 Qf4+ 96. Kg1 Bd7 97. Be3 Qc4 98. Bd4 Bf5 99. Kh2 Qd3 100. Kg1 Bg6 101. Kh2 Qf5 102. Qe3 Bf7 103. Qf2 Be6 104. Qe3 Kf7 105. Qf2 Qd3 106. Qe3 Qc4 107. Qf2 Bf5 108. Qe3 Qc2 1/2-1/2


[Site "https://www.chess.com"]